 Dungeon Crawl Stone Soup version 0.29.1-4-g47bece8355 (webtiles) character file.

Game seed: 4773550532597968901

115 RKaid the Gusty (level 5, -2/31 HPs)
             Began as an Octopode Air Elementalist on Dec 3, 2022.
             Killed by divine providence
             ... invoked by an orc priest
              (10 damage)
             ... on level 4 of the Dungeon.
             The game lasted 00:06:52 (3538 turns).

RKaid the Gusty (Octopode Air Elementalist)         Turns: 3538, Time: 00:06:53

Health: -2/31      AC:  1    Str:  7    XL:     5   Next: 0%
Magic:  2/8        EV: 13    Int: 20    God:
Gold:   121        SH:  0    Dex: 12    Spells: 8/9 levels left

rFire   . . .      SeeInvis .   a - +0 shortbow (flame)
rCold   . . .      Faith    .   (shield currently unavailable)
rNeg    . . .      Spirit   .   (helmet restricted)
rPois   .          Reflect  .   d - amulet of regeneration {+regen}
rElec   .          Harm     .   c - ring of flight {+Fly}
rCorr   .          Rampage  .   (no ring)
Will    .....                   (no ring)
Stlth   +++.......              (no ring)
HPRegen 0.90/turn               (no ring)
MPRegen 0.11/turn               (no ring)
                                (no ring)
                                (no ring)

@: attractive, flying
A: almost no armour, amphibious, 8 rings, camouflage 1, gelatinous body 1,
(nimble swimmer 1), tentacles
a: no special abilities


You were on level 4 of the Dungeon.
You visited 1 branch of the dungeon, and saw 4 of its levels.

You collected 121 gold pieces.

Inventory:

Hand Weapons
 a - a +0 shortbow of flaming (weapon)
   (You found it on level 3 of the Dungeon)
 b - a +0 short sword
   (You took it off a kobold on level 1 of the Dungeon)
Missiles
 n - 6 poisoned darts
Jewellery
 c - a ring of flight (left tentacle) {+Fly}
   (You found it on level 2 of the Dungeon)
 d - an amulet of regeneration (around mantle) {+regen}
   (You took it off a kobold on level 3 of the Dungeon)
Wands
 q - a wand of paralysis (6)
   (You found it on level 3 of the Dungeon)
Scrolls
 f - a scroll of magic mapping {!r}
 g - 2 scrolls of amnesia
 k - a scroll of fog {unknown}
 l - 7 scrolls of blinking {!r}
 o - a scroll of noise {unknown}
 p - a scroll of teleportation {unknown}
 r - a scroll of immolation {!r}
Potions
 j - 3 potions of might
 m - a potion of magic


   Skills:
 + Level 2.9 Dodging
 - Level 2.6 Stealth
 + Level 2.6 Spellcasting
 + Level 2.1 Conjurations
 * Level 4.1 Air Magic


You had 8 spell levels left.
You knew the following spells:

 Your Spells              Type           Power      Damage    Failure   Level
a - Shock                 Conj/Air       60%        1d6       4%          1

Your spell library contained the following spells:

 Spells                   Type           Power      Damage    Failure   Level
 Static Discharge         Conj/Air       15%        3-5/arc   6%          2
 Swiftness                Air            19%        N/A       9%          3
 Beastly Appendage        Tmut           4%         N/A       16%         1
 Ensorcelled Hibernation  Hex/Ice        4%         N/A       22%         2
 Passwall                 Tmut/Erth      1%         N/A       22%         2
 Wereblood                Tmut           2%         N/A       22%         2
 Airstrike                Air            9%         2d(2-18)  26%         4
 Confusing Touch          Hex            2%         N/A       41%         3
 Spider Form              Tmut/Pois      2%         N/A       41%         3
 Leda's Liquefaction      Hex/Erth       1%         N/A       83%         4
 Lee's Rapid Deconstruct  Erth           1%         3d5*      99%         5
 Yara's Violent Unravell  Hex/Tmut       1%         3d3       99%         5
 Statue Form              Tmut/Erth      1%         N/A       100%        6
 Enfeeble                 Hex            1%         N/A       100%        7


Dungeon Overview and Level Annotations

Branches:
Dungeon (4/15)
 Temple: D:4-7

Altars:

Shops:
D:3 :


Innate Abilities, Weirdness & Mutations

You cannot wear most types of armour.
You are amphibious.
You can wear up to eight rings at the same time.
Your skin changes colour to match your surroundings (Stealth+).
Your rubbery body absorbs attacks. (AC +1, EV +1)
((You are camouflaged when in or above water. (Stealth+)))
You have tentacles for arms and can constrict up to eight enemies at once.


Message History

The zap hits the jelly.
Casting: Shock (safe; 4% risk of failure)
Confirm with . or Enter, or press ? or * to list all spells.
Aiming: Shock (safe; 4% risk of failure)
Press: ? - help, Shift-Dir - straight line, f/p - jelly
Aim: a jelly (severely wounded, 100% to hit)
That beam is likely to hit you.
Continue anyway?
Okay, then.
Casting: Shock (safe; 4% risk of failure)
Confirm with . or Enter, or press ? or * to list all spells.
Aiming: Shock (safe; 4% risk of failure)
Press: ? - help, Shift-Dir - straight line, p - jelly The zap hits the jelly. x2
You kill the jelly!
Your Conjurations skill increases to level 2!
Your Air Magic skill increases to level 4!
You start resting.
i - a scroll of identify
As you read the scroll of identify, it crumbles to dust.
r - a scroll of immolation You reach down and open the door.
There is an open door here.
Found a stone staircase leading up.
An orc comes into view. It is wielding a +0 dagger.
Casting: Shock (safe; 4% risk of failure)
Confirm with . or Enter, or press ? or * to list all spells.
Aiming: Shock (safe; 4% risk of failure)
Press: ? - help, Shift-Dir - straight line, f - orc
Aim: an orc, wielding a +0 dagger (asleep, 100% to hit)
The zap hits the orc.
The orc shouts!
You hear a shout!
An orc comes into view. It is wielding a +0 falchion.
An orc priest comes into view. It is wielding a +0 war axe.
The orc shouts!
Casting: Shock (safe; 4% risk of failure)
Confirm with . or Enter, or press ? or * to list all spells.
Aiming: Shock (safe; 4% risk of failure)
Press: ? - help, Shift-Dir - straight line, f - orc priest, p - orc
Aim: an orc priest, wielding a +0 war axe and wearing a +0 leather armour (wandering, hasn't noticed you, 71% to hit)
The zap hits the orc. x2
You kill the orc!
The zap hits the orc priest but does no damage.
The orc priest shouts!
You hear a shout!
An orc priest comes into view. It is wielding a +0 dagger.
Casting: Shock (safe; 4% risk of failure)
Confirm with . or Enter, or press ? or * to list all spells.
Aiming: Shock (safe; 4% risk of failure)
Press: ? - help, Shift-Dir - straight line, f - orc priest
Aim: an orc priest, wielding a +0 dagger (71% to hit)
You miscast Shock.
You are very lightly contaminated with residual magic.
Nothing appears to happen.
Okay, then.
Unknown command.
Unknown command.
Casting: Shock (safe; 4% risk of failure)
Confirm with . or Enter, or press ? or * to list all spells.
Aiming: Shock (safe; 4% risk of failure)
Press: ? - help, Shift-Dir - straight line, f - orc priest, p - orc priest
Aim: an orc priest, wielding a +0 war axe and wearing a +0 leather armour (71% to hit)
The zap hits the orc.
The zap hits the orc priest. x2
The orc priest looks braver for a moment.
Casting: Shock (safe; 4% risk of failure)
Confirm with . or Enter, or press ? or * to list all spells.
Aiming: Shock (safe; 4% risk of failure)
Press: ? - help, Shift-Dir - straight line, f/p - orc priest
Aim: an orc priest, wielding a +0 war axe and wearing a +0 leather armour (lightly wounded, 71% to hit)
The zap hits the orc.
You kill the orc!
The zap hits the orc priest. x2
The orc priest invokes the aid of Beogh against you.
Beogh smites you!
Ouch! That really hurt!
You have reached level 5!
You feel clever.
Okay, then.
Casting: Shock (safe; 4% risk of failure)
Confirm with . or Enter, or press ? or * to list all spells.
Aiming: Shock (safe; 4% risk of failure)
Press: ? - help, Shift-Dir - straight line, f/p - orc priest
Aim: an orc priest, wielding a +0 war axe and wearing a +0 leather armour (moderately wounded, 71% to hit)
The zap misses the orc priest.
The zap hits the orc priest.
The orc priest invokes the aid of Beogh against you.
Pain shoots through your body!
* * * LOW HITPOINT WARNING * * *
It was a potion of cancellation.
You feel magically purged.
Your magical contamination has completely faded away.
It was a potion of attraction.
You feel attractive to monsters.
Blink to where?
Press: ? - help, Dir - move target
As you read the scroll labelled SUZUSO FUOSK, it crumbles to dust.
It was a scroll of blinking.
l - 7 scrolls of blinking
d - an amulet of regeneration (around mantle) {+regen} The orc priest is attracted toward you.
The orc priest is attracted toward you.
The orc priest invokes the aid of Beogh against you.
Beogh smites you!
You die...

#.* #.# ##...#####
#.#####.####...#
#..............#
##.###..####..##
##..#≈#..####..#
#...###........#
#.#.....######.#
#.####### *.#
#...@..# *.#
#.####o#### *.# #.#
#.....# *,* ****
#.###.§##.# **,***,,,
#.##....#.#**,,,**,**
#.##....#.#*,,,,,*,**
#.##......###,,,**,**
#.##.#§......,,,,,,**
#...§...#####*,******


You could see an orc priest.

Vanquished Creatures
  A jelly (D:4)
  2 adders (D:3)
  A gnoll (D:1)
  2 dart slugs
  3 orcs
  6 endoplasms
  2 giant cockroaches (D:1)
  3 goblins
  3 hobgoblins
  9 kobolds
  5 quokkas
  4 ball pythons
  3 bats (D:1)
  2 frilled lizards (D:3)
  5 rats
51 creatures vanquished.

Notes
Turn   | Place    | Note
-------+----------+-------------------------------------------
     0 | D:1      | RKaid the Octopode Air Elementalist began the quest for the
                  | Orb.
     0 | D:1      | Reached XP level 1. HP: 11/11 MP: 3/3
   237 | D:1      | Reached XP level 2. HP: 17/17 MP: 0/5
   752 | D:1      | Found a faded altar of an unknown god.
   854 | D:1      | Reached XP level 3. HP: 21/21 MP: 2/6
  1435 | D:2      | Identified the +1 robe of Happy Babbling {rN+ MP+9}
  2460 | D:3      | Reached XP level 4. HP: 27/27 MP: 2/7
  2732 | D:3      | Found Enaer's Book Shop.
  3365 | D:4      | Reached skill level 2 in Conjurations
  3365 | D:4      | Reached skill level 4 in Air Magic
  3532 | D:4      | Reached XP level 5. HP: 15/31 MP: 2/8
  3532 | D:4      | HP: 2/31 [orc priest/nerve-wracking pain (14)]
  3538 | D:4      | Killed from afar by an orc priest

Illustrated notes

Levels and vault maps discovered:
D:1:      sevenhm_arrival_forest_fort_large_3, layout_basic,
          hellmonk_ecumenical_altar_arch_garden
D:2:      layout_loops_cross, kennysheep_flooded_box
D:3:      layout_basic, serial_shops, nicolae_diamond_shop
D:4:      layout_loops_corners, feat_on_display

Skill      XL: |  1  2  3  4 |
---------------+-------------+-----
Conjurations   | 2 |  2.1
Air Magic      | 4 |  4.1
Dodging        | |  2.9
Stealth        | |  2.6
Spellcasting   | |  2.6

Action                   |  1- 3 |  4- 6 || total
-------------------------+-------+-------++-------
Melee: Unarmed           |     1 |       ||     1
       Short sword       |     8 |       ||     8
       Constrict         |     4 |       ||     4
       Tentacles         |     4 |       ||     4
 Cast: Shock             |    64 |    36 ||   100
  Use: Scroll            |       |     5 ||     5
       Potion            |       |     2 ||     2
Dodge: Dodged            |    12 |     1 ||    13

Table legend: (Time is in decaauts)
 A = Elapsed time spent in this place.
 B = Non-inter-level travel time spent in this place.
 C = Inter-level travel time spent in this place.
 D = Time resting spent in this place.
 E = Time spent auto-exploring this place.
 F = Levels seen in this place.
 G = Mean time per level.
                   A        B        C        D        E       F      G
               +--------+--------+--------+--------+--------+-----+--------+
         Total |   3536 |   3468 |     68 |    971 |   2092 |   4 |  884.0 |
       Dungeon |   3536 |   3468 |     68 |    971 |   2092 |   4 |  884.0 |
               +--------+--------+--------+--------+--------+-----+--------+

Top non-repeatable levels by time:
     D:3: 1279 daAuts
     D:1: 1183 daAuts
     D:2: 773 daAuts
     D:4: 298 daAuts

Table legend:
 A = Kills in this place as a percentage of kills in entire the game.
 B = Kills by you in this place as a percentage of kills by you in the entire game.
 C = Kills by friends in this place as a percentage of kills by friends in the entire game.
 D = Other kills in this place as a percentage of other kills in the entire game.
 E = Experience gained in this place as a percentage of experience gained in the entire game.
 F = Experience gained in this place divided by the number of levels of this place that you have seen.
                   A       B       C       D       E      F
               +-------+-------+-------+-------+-------+----------------------
         Total | 100.0 | 100.0 |   N/A |   N/A | 100.0 |  41.2
       Dungeon | 100.0 | 100.0 |   N/A |   N/A | 100.0 |  41.2
               +-------+-------+-------+-------+-------+----------------------
